Dungeon Sprint DCSS version 0.17-a0-1718-g72dbe4d (webtiles) character file.

14500000 ztt the Conqueror (level 27, -109/272 (273) HPs) Began as a Ghoul Wanderer on Aug 26, 2015. Was the Champion of Makhleb. Annihilated by a fleshlord ... wielding a +9 great mace (381 damage) ... in the Dungeon (Sprint VIII: "Arena of Blood"). The game lasted 00:03:41 (145 turns). ztt the Conqueror (Ghoul Wanderer) Turns: 145, Time: 00:03:41 HP: -109/272 (273)AC: 11 Str: 26 XL: 27 MP: 52/53 EV: 23 Int: 8 God: Makhleb [******] Gold: 0 SH: 0 Dex: 10 Spells: 0 memorised, 80 levels left rFire . . . SeeInvis + l - +∞ Axe of Woe rCold + . . Clarity . c - +0 ring mail rNeg + + + SustAt . (no shield) rPois ∞ Gourm . (no helmet) rElec . Spirit . (no cloak) rCorr . Warding . (no gloves) rMut . NoTele + (no boots) MR ++... (no amulet) Stlth +++++++++. (no ring) m - ring of see invisible @: rotting, slowed, very slow, very resistant to hostile enchantments, incredibly stealthy A: rotting body, claws 1, carnivore 3, cold resistance 1, negative energy resistance 3, slow healing 1, torment resistance, unbreathing a: Minor Destruction, Lesser Servant of Makhleb, Major Destruction, Greater Servant of Makhleb, Renounce Religion You were in the Dungeon. You worshipped Makhleb. Makhleb was exalted by your worship. You were not hungry. You visited 1 branch

Inventory:

Hand weapons
 a - a +2 hand crossbow
 l - the +∞ Axe of Woe (weapon)
   (You found it in the Dungeon)
Missiles
 b - 21 bolts
Armour
 c - a +0 ring mail (worn)
Jewellery
 m - a ring of see invisible (left claw)
Scrolls
 d - a scroll of teleportation
 k - a scroll of blinking
Potions
 f - a potion of curing
 g - a potion of heal wounds
 h - a potion of haste
 i - 2 potions of magic
 j - a potion of berserk rage
Comestibles
 e - a meat ration


   Skills:
 O Level 27 Fighting
 O Level 27 Axes
 O Level 27 Crossbows
 O Level 27 Throwing
 O Level 27 Armour
 O Level 27 Dodging
 O Level 27 Stealth
 O Level 27 Unarmed Combat
 O Level 27 Spellcasting
 O Level 27 Invocations
   Level 1.7 Evocations


You had 80 spell levels left.
You didn't know any spells.

Dungeon Overview and Level Annotations

Branches:
Dungeon (1/1)

Altars:
Makhleb


Innate Abilities, Weirdness & Mutations

Your body is rotting away.
You thrive on raw meat.
You are immune to poison.
You have sharp fingernails.
You are carnivorous and can eat meat at any time.
Your flesh is cold resistant.
You are immune to negative energy.
You heal slowly when monsters are visible.
You are immune to unholy pain and torment.
You can survive without breathing.


Message History

The fleshlord gestures at you while chanting.
You feel as though you will be slow longer.
You hear a shout!
Unknown command.
A hell knight and a vampire knight come into view. ------------------------------------------------------------------------------ ------------------------------------------------------------------------------ -- The Meatlord has descended... -- ------------------------------------------------------------------------------ ------------------------------------------------------------------------------ The fleshlord shouts!
You hear a shout!
You hear a shout!
You hear a shout!
You hear a shout! x5
The eight-headed meat hydra appears out of thin air!
An eight-headed meat hydra comes into view.
You hear a shout!
Items here: ))))) ===== †† You slash the fleshlord!
You dissect the fleshlord like a pig carcass.
You kill the fleshlord!
Makhleb accepts your kill.
You hear a shout! x7
The fleshlord hits you with a +9 great mace!!!!!!
Ouch! That really hurt!
You die...

.##....#.......#.....#.
...#........#........_)...
...#...X%...........###...
..............V###....)).#
.........§%......#....)).#
........o.)W))...#....)).#
........#O))))............
.......#p#W#))......)))...
.......)#@#)S.)..%.))))...
.###...#S#)#§§)))..).)....
##...#.#...§.#.))))...#
#....%.%....).)W)....#
...##o......##.#.)%)...
#..D. ##...%....)).).)..%
####. ...####.).)#%....#
## #........%.)%......
##.......%.)%)...


You could see an eight-headed meat hydra, a destroyer, a scourge, a fleshlord, a
wretched soul (invisible) and a dread.

Vanquished Creatures
  4 hell knights (D)
  4 hell beasts (D)
  5 greater mummies (D)
  8 great orbs of eyes (D)
  6 wraiths (D)
  Harold (D)
  10 vampire knights (D)
  25 ogres (D)
  6 liches (D)
  5 hydras (D)
  62 orcs (D)
  8 phantoms (D)
  7 hill giants (D)
  8 skeletal warriors (D)
  3 sea snakes (D)
  8 small abominations (D)
  2 large abominations (D)
  12 crawling corpses (D)
184 creatures vanquished.

Vanquished Creatures (others)
  7 crawling corpses (D)
7 creatures vanquished.

Grand Total: 191 creatures vanquished

Notes
Turn   | Place    | Note
--------------------------------------------------------------
     0 | D        | ztt the Ghoul Wanderer began the quest for the Orb.
     0 | D        | ztt set off with: a +2 hand crossbow, 21 bolts, a +0 ring mail, a scroll of teleportation, a meat ration, a potion of curing, a potion of heal wounds, a potion of haste, 2 potions of magic, a potion of berserk rage, a scroll of blinking
     0 | D        | Reached XP level 1. HP: 22/22 MP: 1/1
     4 | D        | Noticed a bag of meat
     4 | D        | Became a worshipper of Makhleb the Destroyer
     5 | D        | Noticed a bag of meat
     5 | D        | Noticed a bag of meat
     7 | D        | Noticed a bag of meat
     7 | D        | Killed a bag of meat
     7 | D        | Reached skill level 26 in Fighting
     7 | D        | Reached skill level 5 in Axes
     7 | D        | Reached XP level 2. HP: 25/67 MP: 2/2
     7 | D        | Reached XP level 3. HP: 27/74 MP: 3/3
     7 | D        | Reached XP level 4. HP: 30/83 MP: 4/4
     7 | D        | Reached XP level 5. HP: 32/91 MP: 5/5
     7 | D        | Reached XP level 6. HP: 35/100 MP: 6/6
     7 | D        | Reached XP level 7. HP: 37/107 MP: 7/7
     7 | D        | Reached XP level 8. HP: 39/115 MP: 8/8
     7 | D        | Reached XP level 9. HP: 41/123 MP: 9/9
     7 | D        | Reached XP level 10. HP: 44/132 MP: 10/10
     7 | D        | Reached XP level 11. HP: 46/139 MP: 11/11
     7 | D        | Reached XP level 12. HP: 48/148 MP: 12/12
     8 | D        | Noticed a bag of meat
     8 | D        | Noticed a bag of meat
     8 | D        | Killed a bag of meat
     8 | D        | Acquired Makhleb's first power
     8 | D        | Reached skill level 27 in Fighting
     8 | D        | Reached skill level 5 in Armour
     8 | D        | Reached XP level 13. HP: 35/159 MP: 13/13
     9 | D        | Noticed a bag of meat
     9 | D        | Noticed a bag of meat
     9 | D        | Noticed a bag of meat
     9 | D        | Killed a bag of meat
     9 | D        | Reached XP level 14. HP: 70/168 MP: 14/14
    10 | D        | Noticed a bag of meat
    10 | D        | Noticed a bag of meat
    10 | D        | Killed a bag of meat
    10 | D        | Acquired Makhleb's second power
    10 | D        | Killed a bag of meat
    10 | D        | Reached skill level 15 in Axes
    10 | D        | Reached skill level 10 in Armour
    10 | D        | Reached XP level 15. HP: 117/174 MP: 15/15
    12 | D        | Noticed a bag of meat
    12 | D        | Noticed a destroyer
    12 | D        | Killed a bag of meat
    12 | D        | Acquired Makhleb's third power
    12 | D        | Reached skill level 5 in Dodging
    12 | D        | Killed a bag of meat
    12 | D        | Reached XP level 16. HP: 183/183 MP: 16/16
    13 | D        | Noticed a bag of meat
    13 | D        | Noticed a meat berserker
    14 | D        | Noticed a meat berserker
    14 | D        | Killed a bag of meat
    14 | D        | Killed a bag of meat
    14 | D        | Acquired Makhleb's fourth power
    15 | D        | Noticed a bag of meat
    15 | D        | Noticed a bag of meat
    15 | D        | Killed a bag of meat
    15 | D        | Reached XP level 17. HP: 191/191 MP: 17/17
    15 | D        | Killed a destroyer
    15 | D        | Reached skill level 27 in Crossbows
    15 | D        | Reached skill level 15 in Armour
    15 | D        | Reached skill level 10 in Dodging
    16 | D        | Noticed a bag of meat
    16 | D        | Noticed a bag of meat
    17 | D        | Noticed a bag of meat
    17 | D        | Noticed a bag of meat
    17 | D        | Killed a bag of meat
    17 | D        | Acquired Makhleb's fifth power
    17 | D        | Reached skill level 27 in Axes
    17 | D        | Reached XP level 18. HP: 200/200 MP: 18/18
    17 | D        | Killed a meat berserker
    18 | D        | Noticed a bag of meat
    18 | D        | Noticed a bag of meat
    19 | D        | Noticed a large bag of meat
    19 | D        | Noticed a bag of meat
    20 | D        | Noticed a bag of meat
    21 | D        | Killed a bag of meat
    21 | D        | Killed a bag of meat
    21 | D        | Reached XP level 19. HP: 207/207 MP: 19/19
    21 | D        | Killed a bag of meat
    21 | D        | Killed a meat berserker
    21 | D        | Reached skill level 27 in Armour
    22 | D        | Noticed a large bag of meat
    23 | D        | Killed a bag of meat
    23 | D        | Reached XP level 20. HP: 216/216 MP: 20/20
    23 | D        | Killed a bag of meat
    23 | D        | Reached skill level 27 in Dodging
    23 | D        | Killed a large bag of meat
    23 | D        | Reached skill level 5 in Throwing
    23 | D        | Reached skill level 5 in Spellcasting
    23 | D        | Killed a bag of meat
    23 | D        | Reached skill level 10 in Stealth
    24 | D        | Killed a bag of meat
    24 | D        | Killed a bag of meat
    24 | D        | Reached skill level 10 in Spellcasting
    24 | D        | Reached XP level 21. HP: 224/224 MP: 20/34
    24 | D        | Killed a bag of meat
    24 | D        | Reached skill level 15 in Stealth
    24 | D        | Killed a bag of meat
    25 | D        | Noticed a bag of meat
    26 | D        | Noticed a large bag of meat
    26 | D        | Noticed a destroyer
    27 | D        | Noticed a meat berserker
    28 | D        | Noticed a large bag of meat
    28 | D        | Noticed a destroyer
    28 | D        | Noticed a bag of meat
    29 | D        | Noticed a bag of meat
    29 | D        | Killed a large bag of meat
    29 | D        | Killed a meat berserker
    29 | D        | Reached skill level 15 in Spellcasting
    29 | D        | Killed a bag of meat
    29 | D        | Reached XP level 22. HP: 233/233 MP: 21/41
    30 | D        | Killed a bag of meat
    30 | D        | Killed a bag of meat
    35 | D        | Noticed a sculptor of flesh
    36 | D        | Killed a destroyer
    36 | D        | Killed a bag of meat
    37 | D        | Noticed a meat berserker
    37 | D        | Killed a sculptor of flesh
    37 | D        | Reached XP level 23. HP: 240/240 MP: 23/46
    37 | D        | Killed a bag of meat
    38 | D        | Killed a destroyer
    38 | D        | Reached skill level 27 in Stealth
    38 | D        | Reached skill level 27 in Unarmed Combat
    38 | D        | Reached skill level 27 in Invocations
    39 | D        | Killed a large bag of meat
    41 | D        | Noticed a sculptor of flesh
    41 | D        | Noticed a large bag of meat
    42 | D        | Noticed a meat berserker
    43 | D        | Noticed a meat berserker
    43 | D        | Noticed a bag of meat
    43 | D        | Noticed a bag of meat
    43 | D        | Noticed an eight-headed meat hydra
    44 | D        | Killed a meat berserker
    44 | D        | Reached XP level 24. HP: 249/249 MP: 25/51
    45 | D        | Killed a meat berserker
    45 | D        | Reached skill level 27 in Throwing
    45 | D        | Reached skill level 27 in Spellcasting
    45 | D        | Killed a meat berserker
    46 | D        | Killed a large bag of meat
    47 | D        | Killed a large bag of meat
    48 | D        | Noticed a bag of meat
    48 | D        | Noticed a meat berserker
    48 | D        | Noticed a bag of meat
    48 | D        | Noticed a bag of meat
    48 | D        | Noticed a tyrant
    48 | D        | Noticed a bag of meat
    48 | D        | Noticed a bag of meat
    49 | D        | Noticed a bag of meat
    49 | D        | Noticed a sculptor of flesh
    50 | D        | Noticed an accursed
    51 | D        | Noticed a destroyer
    51 | D        | Killed a sculptor of flesh
    52 | D        | Noticed a destroyer
    53 | D        | Killed a bag of meat
    53 | D        | Reached XP level 25. HP: 257/257 MP: 27/53
    53 | D        | Killed a bag of meat
    54 | D        | Killed a tyrant
    55 | D        | Noticed an accursed
    55 | D        | Killed a nine-headed meat hydra
    55 | D        | Killed a meat berserker
    55 | D        | Reached XP level 26. HP: 266/266 MP: 27/53
    56 | D        | Killed a bag of meat
    56 | D        | Killed a bag of meat
    56 | D        | Killed a destroyer
    57 | D        | Killed a bag of meat
    57 | D        | Killed a bag of meat
    58 | D        | Killed a bag of meat
    59 | D        | Killed a bag of meat
    59 | D        | Reached XP level 27. HP: 273/273 MP: 28/53
    60 | D        | Killed a sculptor of flesh
    61 | D        | Killed an accursed
    63 | D        | Noticed a meat berserker
    63 | D        | Killed a destroyer
    64 | D        | Noticed a meat berserker
    65 | D        | Noticed a meat berserker
    65 | D        | Killed a meat berserker
    66 | D        | Noticed a meat berserker
    66 | D        | Noticed a meat berserker
    67 | D        | Noticed a large bag of meat
    67 | D        | Noticed a sculptor of flesh
    67 | D        | Noticed an accursed
    67 | D        | Killed an accursed
    68 | D        | Killed a meat berserker
    68 | D        | Killed a meat berserker
    69 | D        | Noticed a bag of meat
    69 | D        | Noticed a meat beast
    69 | D        | Killed a meat berserker
    71 | D        | Noticed a large bag of meat
    71 | D        | Noticed a bag of meat
    71 | D        | Noticed a tyrant
    71 | D        | Noticed a meat beast
    72 | D        | Noticed a dread
    72 | D        | Noticed a meat berserker
    73 | D        | Noticed a meat berserker
    73 | D        | Killed a large bag of meat
    73 | D        | Killed a meat beast
    73 | D        | Killed a meat berserker
    74 | D        | Noticed a destroyer
    74 | D        | Noticed a sculptor of flesh
    75 | D        | Noticed a meat berserker
    75 | D        | Noticed a bag of meat
    75 | D        | Noticed a meat berserker
    75 | D        | Noticed a meat berserker
    75 | D        | Noticed a wretched soul
    75 | D        | Noticed a meat beast
    75 | D        | Noticed a wretched soul
    76 | D        | Noticed a wretched soul
    76 | D        | Killed a sculptor of flesh
    76 | D        | Killed a bag of meat
    76 | D        | Killed a large bag of meat
    76 | D        | Killed a tyrant
    77 | D        | Killed a meat berserker
    77 | D        | Killed a bag of meat
    78 | D        | Killed a meat berserker
    79 | D        | Noticed a meat berserker
    79 | D        | Noticed a bag of meat
    80 | D        | Noticed a bag of meat
    80 | D        | Noticed a wretched soul
    80 | D        | Killed a sculptor of flesh
    80 | D        | Killed a destroyer
    80 | D        | Killed a meat beast
    80 | D        | Killed a meat berserker
    80 | D        | Killed a meat berserker
    81 | D        | Noticed a bag of meat
    81 | D        | Noticed a sculptor of flesh
    81 | D        | Killed a meat berserker
    81 | D        | Killed a meat beast
    82 | D        | Killed a dread
    82 | D        | Killed a bag of meat
    83 | D        | Noticed a wretched soul
    83 | D        | Killed a meat berserker
    83 | D        | Killed a bag of meat
    85 | D        | Killed a wretched soul
    85 | D        | Killed a wretched soul
    87 | D        | Killed a wretched soul
    88 | D        | Noticed a bag of meat
    88 | D        | Killed a bag of meat
    89 | D        | Noticed a meat berserker
    89 | D        | Killed an accursed
    90 | D        | Killed a wretched soul
    90 | D        | Killed a bag of meat
    91 | D        | Noticed a bag of meat
    91 | D        | Noticed a meat berserker
    92 | D        | Noticed an observer
    92 | D        | Killed a wretched soul
    93 | D        | Noticed an observer
    93 | D        | Noticed an observer
    93 | D        | Killed a bag of meat
    93 | D        | Killed a sculptor of flesh
    95 | D        | Noticed a bag of meat
    95 | D        | Noticed a sculptor of flesh
    95 | D        | Killed a meat berserker
    96 | D        | Noticed an observer
    97 | D        | Killed a meat berserker
    97 | D        | Noticed a bag of meat
    98 | D        | Noticed a bag of meat
    98 | D        | Noticed a meat berserker
    98 | D        | Noticed a bag of meat
    98 | D        | Noticed a bag of meat
    99 | D        | Killed a bag of meat
   100 | D        | Noticed a tyrant
   100 | D        | Noticed an accursed
   100 | D        | Noticed The Servant
   100 | D        | Noticed a dread
   100 | D        | Noticed an observer
   100 | D        | Killed an observer
   101 | D        | Noticed a bag of meat
   101 | D        | Noticed a destroyer
   101 | D        | Noticed an observer
   101 | D        | Killed an observer
   101 | D        | Killed an observer
   102 | D        | Noticed a bag of meat
   102 | D        | Noticed a tyrant
   102 | D        | Noticed a bag of meat
   103 | D        | Noticed a bag of meat
   103 | D        | Noticed a wretched soul
   103 | D        | Noticed a meat beast
   104 | D        | Noticed a destroyer
   104 | D        | Noticed a bag of meat
   104 | D        | Noticed an observer
   104 | D        | Killed a sculptor of flesh
   104 | D        | Killed a bag of meat
   104 | D        | Killed a meat berserker
   104 | D        | Killed a bag of meat
   104 | D        | Killed an observer
   105 | D        | Noticed a wretched soul
   106 | D        | Noticed a dread
   106 | D        | Noticed a dread
   106 | D        | Killed a tyrant
   107 | D        | Noticed a bag of meat
   107 | D        | Noticed a meat berserker
   108 | D        | Noticed a meat berserker
   108 | D        | Noticed a tyrant
   108 | D        | Killed a bag of meat
   108 | D        | Killed an observer
   109 | D        | Noticed a dread
   109 | D        | Noticed a bag of meat
   109 | D        | Killed a meat beast
   109 | D        | Killed a bag of meat
   109 | D        | Killed an observer
   109 | D        | Killed a dread
   110 | D        | Killed an observer
   111 | D        | Noticed a bag of meat
   111 | D        | Killed a destroyer
   111 | D        | Killed an accursed
   111 | D        | Killed a dread
   112 | D        | Noticed a bag of meat
   112 | D        | Noticed a wretched soul
   112 | D        | Noticed a bag of meat
   113 | D        | Noticed a bag of meat
   113 | D        | Noticed a destroyer
   113 | D        | Noticed an accursed
   113 | D        | Noticed a wretched soul
   113 | D        | Killed The Servant
   113 | D        | Killed a bag of meat
   114 | D        | Killed a bag of meat
   114 | D        | Killed a bag of meat
   114 | D        | Killed a bag of meat
   114 | D        | Killed a destroyer
   115 | D        | Noticed a bag of meat
   115 | D        | Noticed a dread
   115 | D        | Killed a meat berserker
   115 | D        | Killed a wretched soul
   116 | D        | Noticed a bag of meat
   116 | D        | Killed a meat berserker
   116 | D        | Killed a tyrant
   116 | D        | Killed a bag of meat
   118 | D        | Killed a bag of meat
   118 | D        | Killed a tyrant
   118 | D        | Killed a dread
   119 | D        | Noticed a destroyer
   120 | D        | Noticed a meat berserker
   120 | D        | Noticed a fleshlord
   120 | D        | Killed a bag of meat
   120 | D        | Killed a bag of meat
   121 | D        | Killed a dread
   122 | D        | Noticed a bag of meat
   122 | D        | Killed a wretched soul
   123 | D        | Noticed a tyrant
   123 | D        | Killed a bag of meat
   123 | D        | Killed a bag of meat
   124 | D        | Killed a wretched soul
   125 | D        | Noticed a fleshlord
   125 | D        | Killed a bag of meat
   126 | D        | Killed a meat berserker
   126 | D        | Killed a dread
   126 | D        | Killed a bag of meat
   127 | D        | Killed a destroyer
   128 | D        | Noticed a bag of meat
   128 | D        | Killed a fleshlord
   128 | D        | Killed a destroyer
   128 | D        | Killed a bag of meat
   129 | D        | Noticed a fleshlord
   130 | D        | Killed a bag of meat
   132 | D        | Killed a bag of meat
   132 | D        | Killed a fleshlord
   132 | D        | Killed a fleshlord
   133 | D        | Noticed an observer
   134 | D        | Killed a bag of meat
   135 | D        | Noticed a sculptor of flesh
   137 | D        | Killed a sculptor of flesh
   137 | D        | Killed a tyrant
   139 | D        | Noticed a fleshlord
   139 | D        | Killed an observer
   140 | D        | Noticed a meat berserker
   140 | D        | Killed an accursed
   141 | D        | Noticed a dread
   143 | D        | Killed a meat berserker
   144 | D        | Noticed a fleshlord
   144 | D        | Noticed a destroyer
   145 | D        | Killed a fleshlord
   145 | D        | Annihilated by a fleshlord

Vault maps used:
D:        meatsprint

Action                   |  1- 3 |  4- 6 |  7- 9 | 10-12 | 13-15 | 16-18 | 19-21 | 22-24 | 25-27 || total
-------------------------+-------+-------+-------+-------+-------+-------+-------+-------+-------++-------
Melee: Executioner's axe |     1 |       |       |     1 |     3 |     4 |     3 |    12 |    71 ||    95
